 Dungeon Crawl Stone Soup version 0.24-a0-136-gad582e5 (webtiles) character file.

Game seed: 10456730662354999597

1428 nikopol the Digger (level 8, -4/41 HPs)
             Began as a Gargoyle Earth Elementalist on Feb 28, 2019.
             Was an Initiate of Vehumet.
             Hit by a tomahawk thrown by an orc warrior (17 damage)
             ... on level 6 of the Dungeon.
             The game lasted 00:16:43 (5979 turns).

nikopol the Digger (Gargoyle Earth Elementalist)    Turns: 5979, Time: 00:16:43

Health: -4/41      AC:  6    Str: 15    XL:     8   Next: 72%
Magic:  8/17       EV: 12    Int: 18    God:    Vehumet [......]
Gold:   308        SH:  4    Dex: 10    Spells: 4/19 levels left

rFire    + . .     SeeInvis .   y - +1 mace (venom)
rCold    . . .     Gourm    +   x - +0 buckler
rNeg     + . .     Faith    .   c - +0 robe
rPois    ∞         Spirit   .   i - -2 helmet (curse)
rElec    +         Reflect  .   (no cloak)
rCorr    .         Harm     .   (no gloves)
MR       .....                  (no boots)
Stlth    ++........             e - amulet of the gourmand
HPRegen  0.13/turn              f - ring of protection from fire
MPRegen  0.15/turn              r - +3 ring of strength

@: no status effects
A: negative energy resistance 1, electricity resistance, unbreathing,
petrification resistance, rot immunity, AC +5
a: Renounce Religion


You were on level 6 of the Dungeon.
You worshipped Vehumet.
Vehumet was noncommittal.
You were not hungry.

You visited 2 branches of the dungeon, and saw 7 of its levels.

You collected 308 gold pieces.

Inventory:

Hand Weapons
 y - a +1 mace of venom (weapon)
Missiles
 z - 9 stones (quivered)
Armour
 c - a +0 robe (worn)
 i - a cursed -2 helmet (worn)
 t - a cursed +0 ring mail
 x - a +0 buckler (worn)
Jewellery
 e - an amulet of the gourmand (around neck)
 f - a ring of protection from fire (left hand)
 r - a +3 ring of strength (right hand)
Wands
 b - a wand of enslavement (8)
 A - a wand of clouds (4)
Scrolls
 a - a scroll of magic mapping {unknown}
 g - 3 scrolls of identify
 h - 5 scrolls of remove curse {unknown}
 j - 2 scrolls of fog {unknown}
 k - 3 scrolls of fear {unknown}
 m - a scroll of immolation {unknown}
 o - 2 scrolls of teleportation {unknown}
 p - a scroll of enchant weapon {unknown}
 q - 2 scrolls of amnesia {unknown}
 u - 2 scrolls of blinking {unknown}
Potions
 l - 3 potions of curing
 n - a potion of invisibility
 s - 2 potions of degeneration
 v - 2 potions of agility
 w - a potion of heal wounds
Comestibles
 d - 4 rations


   Skills:
 + Level 0.3 Fighting
 + Level 1.0 Maces & Flails
 + Level 2.0 Dodging
 + Level 3.1 Stealth
 * Level 4.0 Shields
 + Level 6.2 Spellcasting
 + Level 2.9 Conjurations
 + Level 0.7 Transmutations
 + Level 7.9 Earth Magic


You had 4 spell levels left.
You knew the following spells:

 Your Spells              Type           Power        Failure   Level  Hunger
a - Sandblast             Erth           ####..       1%          1    None
b - Passwall              Tmut/Erth      ###.....     3%          2    None
c - Stone Arrow           Conj/Erth      ####..       3%          3    ##.....
d - Lee's Rapid Deconstr  Erth           ####......   12%         5    #####..
e - Petrify               Tmut/Erth      ###.....     21%         4    ####...

Your spell library contained the following spells:

 Spells                   Type           Power        Failure   Level  Hunger


Dungeon Overview and Level Annotations

Branches:
Dungeon (6/15)             Temple (1/1) D:5

Altars:
Elyvilon
Fedhas
Gozag
Hepliaklqana
Makhleb
Okawaru
Qazlal
Sif Muna
Uskayaw
Vehumet
Xom
The Shining One


Innate Abilities, Weirdness & Mutations

You are resistant to torment.
Your stone body is resilient. (AC +5)
You are immune to poison.
You resist negative energy. (rN+)
You are resistant to electric shocks. (rElec)
You can survive without breathing.
You are immune to petrification.
You are immune to rotting.


Message History

The orc warrior throws a tomahawk.
The tomahawk hits you.
A crimson imp comes into view.
You see here a ration.
Casting: Stone Arrow (safe; 3% risk of failure)
Confirm with . or Enter, or press ? or * to list all spells.
Aiming: Stone Arrow (safe; 3% risk of failure)
Press: ? - help, Shift-Dir - straight line, f - orc warrior
Aim: an orc warrior, wielding a +0 dire flail and wearing a +0 plate armour The stone arrow hits the orc warrior!
The orc warrior is moderately wounded.
The crimson imp shouts!
You hear a shout!
The orc warrior throws a tomahawk.
The tomahawk hits you!
Casting: Stone Arrow (safe; 3% risk of failure)
Confirm with . or Enter, or press ? or * to list all spells.
Aiming: Stone Arrow (safe; 3% risk of failure)
Press: ? - help, Shift-Dir - straight line, f/p - orc warrior
Aim: an orc warrior, wielding a +0 dire flail and wearing a +0 plate armour (moderately wounded)
The stone arrow misses the orc warrior.
The orc warrior throws a tomahawk.
The tomahawk hits you!
You die...

##...#####.....##
.........##...## #
##...###.###..###.###
.......)..##.........
.########......####.
.# #..##.#### .#
#........# .#
#.###.##(# .# #.#
#.##@# .# #.#
#.......5... .# #.#
####.###.... .. #..
#o# #. #. #.# #.# #.#
#.#


You could see an orc warrior and a crimson imp.

Vanquished Creatures
  Menkaure (D:4)
  A water moccasin (D:6)
  A sky beast (D:5)
  2 ice beasts
  A phantom (D:4)
  An ogre (D:5)
  A centaur (D:5)
  A howler monkey (D:4)
  A bullfrog zombie (D:5)
  3 hounds
  2 jellies
  6 orc wizards
  Jessica (D:3)
  An iguana (D:6)
  4 gnolls (D:2)
  6 adders
  2 shadow imps (D:5)
  2 oozes
  4 worms
  A dart slug (D:1)
  A leopard gecko (D:5)
  24 orcs
  4 giant cockroaches
  5 goblins
  13 hobgoblins
  4 jackals (D:2)
  6 kobolds
  A quokka (D:5)
  7 bats
  7 frilled lizards
  A leopard gecko skeleton (D:5)
  9 rats
124 creatures vanquished.

Notes
Turn   | Place    | Note
-------+----------+-------------------------------------------
     0 | D:1      | nikopol the Gargoyle Earth Elementalist began the quest for
                  | the Orb.
     0 | D:1      | Reached XP level 1. HP: 10/10 MP: 3/3
   151 | D:1      | Reached skill level 4 in Earth Magic
   183 | D:1      | Reached XP level 2. HP: 15/15 MP: 1/5
   578 | D:1      | Reached XP level 3. HP: 19/19 MP: 3/6
  1298 | D:2      | Found a glowing golden altar of the Shining One.
  1381 | D:2      | Reached XP level 4. HP: 24/24 MP: 3/8
  1458 | D:2      | Reached skill level 5 in Earth Magic
  1569 | D:2      | Learned a level 2 spell: Passwall
  1573 | D:2      | Learned a level 3 spell: Stone Arrow
  1685 | D:2      | Reached XP level 5. HP: 28/28 MP: 2/10
  2209 | D:3      | Noticed Jessica
  2213 | D:3      | Killed Jessica
  2252 | D:3      | Found a blossoming altar of Fedhas.
  2793 | D:4      | Noticed Menkaure
  2807 | D:4      | Killed Menkaure
  2807 | D:4      | Reached skill level 1 in Shields
  2807 | D:4      | Reached skill level 6 in Earth Magic
  2807 | D:4      | Reached XP level 6. HP: 22/32 MP: 2/12
  2950 | D:4      | Noticed a phantom
  2957 | D:4      | Killed a phantom
  2962 | D:4      | Reached XP level 7. HP: 32/36 MP: 5/14
  3097 | D:4      | Reached skill level 5 in Spellcasting
  3298 | D:4      | Found a stormy altar of Qazlal.
  3410 | D:4      | Found a burning altar of Makhleb.
  3410 | D:4      | Noticed a cacodemon
  3510 | D:4      | Found a hide-covered altar of Uskayaw.
  3619 | D:5      | Entered Level 5 of the Dungeon
  3916 | D:5      | Reached skill level 1 in Conjurations
  3916 | D:5      | Reached skill level 7 in Earth Magic
  4024 | D:5      | Reached XP level 8. HP: 41/41 MP: 0/16
  4349 | D:5      | Found a staircase to the Ecumenical Temple.
  4371 | Temple   | Entered the Ecumenical Temple
  4477 | Temple   | Became a worshipper of Vehumet
  4689 | D:5      | Learned a level 5 spell: Lee's Rapid Deconstruction
  4694 | D:5      | Learned a level 4 spell: Petrify
  5591 | D:6      | Reached skill level 1 in Maces & Flails
  5979 | D:6      | Hit by a tomahawk thrown by an orc warrior

Levels and vault maps discovered:
D:1:      lightli_arrival_isolated_outpost, layout_basic, serial_glass,
          glass_columns_c, glass_columns_a, glass_columns_c, glass_columns_c
D:2:      layout_rooms, tso_metal_star, minmay_crystal_water,
          roderic_roman_lattice
D:3:      layout_loops_ring, fedhas_altar_3, uniq_jessica
D:4:      layout_basic, makhleb_altar_promises_db,
          lemuel_coloured_pillars_altar, nicolae_qazlal_eye_of_the_storm,
          first_ration, uniq_menkaure
D:5:      layout_cave_pools, minmay_temple_entry_wispy, minmay_strange_pillars
D:6:      layout_loops_ring, tgw_trog, sigmund_edmund_badplayer,
          uniq_prince_ribbit1
Temple:   regret_index_temple_generic_petals

Skill      XL: |  1  2  3  4  5  6  7  8 |
---------------+-------------------------+-----
Earth Magic    | 4 5 6 7 |  7.9
Spellcasting   | 3 4 5 6 |  6.2
Shields        | 1 3 4 |  4.0
Conjurations   | 1 2 |  2.9
Stealth        | 3 |  3.1
Dodging        | 2 |  2.0
Maces & Flails | 1 |  1.0
Fighting       | |  0.3
Transmutations | |  0.7

Action                   |  1- 3 |  4- 6 |  7- 9 || total
-------------------------+-------+-------+-------++-------
Melee: Club              |     3 |     6 |       ||     9
       Mace              |       |       |    15 ||    15
 Cast: Sandblast         |    41 |    73 |    14 ||   128
       Stone Arrow       |       |       |    81 ||    81
  Use: Scroll            |       |       |     6 ||     6
  Eat: Chunk             |     2 |     5 |    17 ||    24
Armor: Robe              |     6 |     6 |    10 ||    22
Dodge: Dodged            |     5 |    11 |    42 ||    58
Block: Buckler           |       |     1 |     8 ||     9

Table legend:
 A = Non-vault XP
 B = Vault XP
 C = Vault XP percentage of total XP
 D = Non-vault monster count
 E = Vault monster count
 F = Vault count percentage of total count
                 A         B        C        D         E       F
            +---------+---------+-------+---------+---------+-------
      Total |    1831 |     209 |  10.2 |     122 |       2 |   1.6
            +---------+---------+-------+---------+---------+-------
        D:1 |      43 |       0 |   0.0 |      24 |       0 |   0.0
        D:2 |     159 |       0 |   0.0 |      30 |       0 |   0.0
        D:3 |      41 |      37 |  47.4 |      15 |       1 |   6.2
        D:4 |     578 |     172 |  22.9 |      19 |       1 |   5.0
        D:5 |     727 |       0 |   0.0 |      24 |       0 |   0.0
        D:6 |     283 |       0 |   0.0 |      10 |       0 |   0.0
            +---------+---------+-------+---------+---------+-------
